Construct Section Command Post
Selects Air and Sea Battlegroup
Construct Platoon Command Post
6-pounder Anti-tank Gun Team
Selects Commando Section Paradrop
Commando Section Paradrop
Selects Commando Support Section Paradrop
Selects M1 Pack Howitzer Paradrop
6-pounder Anti-tank Gun Team
Construct Field Infirmary
Construct Company Command Post
Commando Section Paradrop
Selects Naval Bombardment
Commando Section Paradrop
Commando Section Paradrop
Unlock M3 Grant Medium Tanks
Selects Naval Bombardment
Selects Anti-tank Rocket Loiter